 Dungeon Crawl Stone Soup version 0.29-a0-23-ga79f92ac9c (webtiles) character file.

Game seed: 15296703555287297856

7645 HallandMoats the Eye of the Storm (level 11, -13/94 HPs)
             Began as a Ghoul Monk on Jan 30, 2022.
             Was a Priest of Qazlal.
             Shot with an arrow by a centaur warrior (17 damage)
             ... on level 11 of the Dungeon.
             The game lasted 00:17:51 (11818 turns).

HallandMoats the Eye of the Storm (Ghoul Monk)     Turns: 11818, Time: 00:17:52

Health: -13/94     AC: 15    Str: 18    XL:     11   Next: 18%
Magic:  0/17       EV: 12    Int:  5    God:    Qazlal [***...]
Gold:   667        SH:  4    Dex: 13    Spells: 10/10 levels left

rFire   + . .      SeeInvis .     - Unarmed
rCold   + . .      Faith    .   (no shield)
rNeg    + + +      Spirit   +   P - +3 scale mail {Will+}
rPois   ∞          Reflect  .   f - +0 helmet
rElec   .          Harm     .   R - +2 cloak
rCorr   .          Rampage  .   (no gloves)
Will    ++...                   (no boots)
Stlth   +.........              c - amulet of guardian spirit
HPRegen 0.00/turn               a - ring of willpower
MPRegen 0.15/turn               J - ring of protection from fire

@: inhibited regen
A: claws 1, cold resistance 1, negative energy resistance 3, inhibited
regeneration, torment resistance 2
a: Renounce Religion, Upheaval, Elemental Force


You were on level 11 of the Dungeon.
You worshipped Qazlal.
Qazlal was most pleased with you.
You visited 1 branch of the dungeon, and saw 11 of its levels.

You collected 667 gold pieces.

Inventory:

Missiles
 O - 2 throwing nets (quivered)
Armour
 f - a +0 helmet (worn)
 u - a +2 pair of gloves
 N - +0 acid dragon scales
 P - a +3 scale mail of willpower (worn)
 R - a +2 cloak (worn)
Jewellery
 a - a ring of willpower (left claw)
 c - an amulet of guardian spirit (around neck)
 l - a ring of protection from cold
 n - a ring of protection from fire
 A - a ring of fire
 F - a ring of fire
 H - an amulet of faith
 J - a ring of protection from fire (right claw)
Wands
 j - a wand of acid (6)
 o - a wand of iceblast (3)
 z - a wand of flame (53)
 C - a wand of paralysis (3)
Scrolls
 h - 4 scrolls of silence
 m - 2 scrolls of torment
 q - a scroll of magic mapping
 r - a scroll of teleportation
 s - 2 scrolls of immolation
 v - a scroll of amnesia {unknown}
 w - a scroll of brand weapon {unknown}
 y - 2 scrolls of identify
 B - a scroll of fog {unknown}
 E - a scroll of vulnerability {unknown}
 G - a scroll of enchant weapon {unknown}
 L - 2 scrolls of enchant armour
 Q - a scroll of summoning {unknown}
Potions
 b - 2 potions of flight {unknown}
 d - 4 potions of curing
 e - 4 potions of heal wounds
 g - 2 potions of brilliance {unknown}
 i - a potion of cancellation {unknown}
 k - a potion of might {unknown}
 p - 2 potions of attraction {unknown}
 t - a potion of degeneration {unknown}
 x - a potion of invisibility {unknown}
 D - a potion of ambrosia {unknown}
 K - 2 potions of mutation {unknown}
 M - a potion of magic {unknown}


   Skills:
 + Level 8.1 Fighting
 + Level 6.0 Armour
 + Level 6.7 Dodging
 - Level 2.1 Stealth
 + Level 3.3 Shields
 + Level 8.1 Unarmed Combat
 * Level 10.4 Invocations


You had 10 spell levels left.
You didn't know any spells.
Your spell library contained the following spells:

 Spells                   Type           Power      Damage    Failure   Level
 Magic Dart               Conj           0%         1d3       83%         1
 Sandblast                Erth           0%         2d4       83%         1
 Blink                    Tloc           0%         N/A       93%         2
 Call Imp                 Summ           0%         N/A       93%         2
 Passwall                 Tmut/Erth      0%         N/A       93%         2
 Dazzling Flash           Conj/Hex       0%         N/A       99%         3
 Gell's Gravitas          Tloc           0%         N/A       99%         3
 Inner Flame              Hex/Fire       0%         N/A       99%         3
 Mephitic Cloud           Conj/Pois/Air  0%         N/A       99%         3
 Stone Arrow              Conj/Erth      0%         3d7       99%         3
 Teleport Other           Tloc           0%         N/A       99%         3
 Tukima's Dance           Hex            0%         N/A       99%         3
 Cause Fear               Hex            0%         N/A       100%        4
 Iskenderun's Mystic Bla  Conj/Tloc      0%         2d3       100%        4
 Passage of Golubria      Tloc           0%         N/A       100%        4
 Manifold Assault         Tloc           0%         N/A       100%        5
 Yara's Violent Unravell  Hex/Tmut       0%         3d3       100%        5
 Dispersal                Tloc           0%         N/A       100%        6
 Starburst                Conj/Fire      0%         6d3       100%        6
 Summon Hydra             Summ           0%         N/A       100%        7
 Discord                  Hex            0%         N/A       100%        8
 Sublimation of Blood     Necr           Unusable   N/A       N/A         2
 Wereblood                Tmut           Unusable   N/A       N/A         2
 Storm Form               Tmut/Air       Unusable   N/A       N/A         7

Dungeon Overview and Level Annotations

Branches:
Dungeon (11/15)            Temple (0/1) D:6
   Lair: D:8-11         Orc: D:9-12

Altars:
Elyvilon
Gozag
Makhleb
Okawaru
Qazlal
Ru
Xom
Yredelemnul
Zin
The Shining One

Shops:
D:5 [   D:8 [

Portals:
Trove: D:10 (give 12 potions of heal wounds)

Annotations:
D:6 exclusions: door and 1 more exclusion
D:7 2 transporters, enile's ghost, novice FoAK


Innate Abilities, Weirdness & Mutations

You thrive by killing the living.
You are immune to poison.
You have sharp fingernails.
Your flesh is cold resistant. (rC+)
You are immune to negative energy. (rN+++)
You do not regenerate when monsters are visible.
You are immune to unholy pain and torment.


Message History

A centaur warrior is nearby!
A centaur warrior is nearby!
A centaur warrior is nearby!
A centaur warrior is nearby!
The centaur warrior wields a +0 shortbow.
The centaur warrior shoots an arrow.
The arrow hits you!
The centaur warrior shoots an arrow.
The arrow hits you!
The centaur warrior shoots an arrow.
The arrow hits you!!
The centaur warrior shoots an arrow.
The arrow hits you!
The centaur warrior shoots an arrow.
The arrow hits you!
You are too injured to fight recklessly!
Okay, then.
Okay, then.
Unknown command.
Okay, then.
Okay, then.
Aiming: Upheaval
Press: ? - help, Dir - move target, f - centaur warrior
Aim: a centaur warrior, wielding a +0 shortbow and quivering arrows A blizzard blasts the area with ice!
The blast of ice hits the centaur warrior!!
The centaur warrior is heavily wounded.
The centaur warrior is flash-frozen.
The centaur warrior shoots an arrow.
The arrow hits you but does no damage.
Unknown command.
You don't have enough magic at the moment.
Unknown command.
Unknown command.
Okay, then.
You feel better.
The centaur warrior is no longer encased in ice.
The centaur warrior shoots an arrow.
The arrow hits you!
* * * LOW HITPOINT WARNING * * *
A wraith comes into view.
The centaur warrior shoots an arrow.
The arrow hits you!
* * * LOW HITPOINT WARNING * * *
You feel better.
The centaur warrior shoots an arrow.
The arrow hits you!
* * * LOW HITPOINT WARNING * * *
The centaur warrior shoots an arrow.
The arrow hits you!
You die...

.#... ....# #.#.#
#.#.# #.#.# #.#.#
#.#.########.#
#......@.$.c#
#...########W# #.#.#
#.# # #.#.# #.# .#
#.#.# ##.##.. #.#.##
#..... #
#....######..###.###
#..#..##............
#.###............###


You could see a centaur warrior and a wraith.

Vanquished Creatures
  Harold (D:7)
  Pikel (D:7)
  Maggie (D:7)
  A kobold demonologist (D:10)
  Grinder (D:3)
  Sigmund (D:5)
  A wyvern (D:7)
  A basilisk (D:9)
  3 yaks (D:10)
  2 steam dragons
  A water moccasin (D:8)
  An acid dragon (D:10)
  4 orc warriors
  An ice beast (D:7)
  3 sky beasts
  7 ogres
  6 centaurs
  2 phantoms (D:4)
  7 kobold brigands
  2 bullfrogs (D:7)
  A wyvern zombie (D:8)
  A gnoll sergeant (D:8)
  A water moccasin zombie (D:5)
  A howler monkey (D:6)
  6 centaur zombies
  2 gnoll shamans (D:8)
  A hound (D:6)
  6 orc priests
  Crazy Yiuf (D:7)
  2 jellies
  A bullfrog skeleton (D:5)
  A centaur skeleton (D:7)
  4 iguanas
  8 orc wizards
  A hound zombie (D:5)
  A howler monkey skeleton (D:5)
  9 adders
  12 gnolls (D:8)
  A shadow imp (D:6)
  3 white imps
  An ufetubus (D:6)
  An adder skeleton (D:5)
  4 worms
  4 dart slugs
  34 orcs
  7 ball pythons
  3 endoplasms (D:1)
  2 giant cockroaches
  7 goblins
  9 hobgoblins
  6 jackals
  5 quokkas
  4 bats
  A frilled lizard (D:3)
  22 kobolds
  6 rats
  A butterfly (D:6)
227 creatures vanquished.

Vanquished Creatures (collateral kills)
  An orc warrior (D:8)
  An ogre (D:5)
  3 orcs
5 creatures vanquished.

Vanquished Creatures (others)
  A bush (D:6)
  7 fungi
  9 plants (D:8)
17 creatures vanquished.

Grand Total: 249 creatures vanquished

Notes
Turn   | Place    | Note
-------+----------+-------------------------------------------
     0 | D:1      | HallandMoats the Ghoul Monk began the quest for the Orb.
     0 | D:1      | Reached XP level 1. HP: 19/19 MP: 0/0
    92 | D:1      | Reached XP level 2. HP: 20/26 MP: 1/1
   430 | D:1      | Reached skill level 1 in Invocations
   430 | D:1      | Reached XP level 3. HP: 31/31 MP: 2/2
   733 | D:2      | Reached skill level 1 in Armour
   851 | D:2      | Reached XP level 4. HP: 37/40 MP: 2/4
  1043 | D:2      | Reached skill level 2 in Invocations
  1651 | D:3      | Found a stormy altar of Qazlal.
  1667 | D:3      | Noticed Grinder
  1676 | D:3      | Became a worshipper of Qazlal Stormbringer
  1676 | D:3      | Reached * piety under Qazlal
  1676 | D:3      | Reached ** piety under Qazlal
  1697 | D:3      | Killed Grinder
  1698 | D:3      | Reached skill level 3 in Invocations
  1698 | D:3      | Reached XP level 5. HP: 39/46 MP: 3/6
  1698 | D:3      | Reached XP level 6. HP: 44/52 MP: 3/7
  2315 | D:4      | Found a basalt altar of Yredelemnul.
  2389 | D:4      | Reached skill level 4 in Invocations
  2395 | D:4      | Reached XP level 7. HP: 60/60 MP: 7/9
  2590 | D:4      | Reached *** piety under Qazlal
  3170 | D:5      | Entered Level 5 of the Dungeon
  3520 | D:5      | Noticed Sigmund
  3538 | D:5      | Killed Sigmund
  3539 | D:5      | Reached skill level 5 in Fighting
  3539 | D:5      | Reached skill level 5 in Unarmed Combat
  3539 | D:5      | Reached skill level 5 in Invocations
  3539 | D:5      | Reached XP level 8. HP: 56/68 MP: 7/10
  3688 | D:5      | Found Zolih's Antique Armour Boutique.
  3961 | D:5      | Found a sacrificial altar of Ru.
  4002 | D:5      | Found an opulent altar of Gozag.
  5076 | D:6      | Reached skill level 6 in Invocations
  5503 | D:6      | Found a staircase to the Ecumenical Temple.
  5823 | D:6      | Found an iron altar of Okawaru.
  6030 | D:6      | Identified the +2 robe "Vobeggen" {rC+ rN+}
  6067 | D:7      | Reached XP level 9. HP: 75/75 MP: 13/13
  6113 | D:7      | Reached skill level 5 in Dodging
  6113 | D:7      | Reached skill level 7 in Invocations
  6173 | D:7      | Noticed Maggie
  6199 | D:7      | Killed Maggie
  6359 | D:7      | Found a transporter.
  6359 | D:7      | Noticed enile's ghost (novice FoAK)
  6359 | D:7      | Noticed a manticore
  6414 | D:7      | Noticed Harold
  6431 | D:7      | Killed Harold
  6432 | D:7      | Reached skill level 8 in Invocations
  6999 | D:7      | Found a transporter.
  7062 | D:7      | Found a runed translucent door.
  7062 | D:7      | Noticed Pikel
  7063 | D:7      | Noticed Crazy Yiuf
  7078 | D:7      | You fall into a shaft and drop 1 floor!
  7202 | D:7      | Reached skill level 1 in Shields
  7202 | D:7      | Reached XP level 10. HP: 84/84 MP: 12/15
  7285 | D:7      | Killed Pikel
  7286 | D:7      | Reached skill level 5 in Armour
  7297 | D:7      | Killed Crazy Yiuf
  7598 | D:8      | Reached skill level 9 in Invocations
  8874 | D:8      | Found Qygojyne's Antique Armour Shoppe.
  9891 | D:9      | Found a burning altar of Makhleb.
 10822 | D:10     | Entered Level 10 of the Dungeon
 10861 | D:10     | Reached skill level 10 in Invocations
 10911 | D:10     | Found a shimmering altar of Xom.
 10982 | D:10     | Noticed a kobold demonologist
 10990 | D:10     | Killed a kobold demonologist
 10991 | D:10     | Reached XP level 11. HP: 94/94 MP: 17/17
 11050 | D:10     | Found a portal to a secret trove of treasure.
 11811 | D:11     | Noticed a centaur warrior
 11818 | D:11     | HP: 4/94 [centaur warrior/arrow (13)]
 11818 | D:11     | Shot with an arrow by a centaur warrior

Illustrated notes

Levels and vault maps discovered:
D:1:      dpeg_arrival_solitude, layout_basic
D:2:      layout_loops_ring
D:3:      layout_basic, mainiacjoe_overflow_surrounded_room,
          nicolae_tso_swordbearing_angel, grunt_ministairs_10, uniq_grinder
D:4:      layout_basic, yredelemnul_altar_generic
D:5:      layout_basic, nicolae_overflow_squiral, mainiacjoe_overflow_big_doors,
          serial_shops, nicolae_take_the_stairs, uniq_sigmund
D:6:      layout_basic, kennysheep_okawaru_gauntlet,
          minmay_temple_entry_butterflies, kb_lookout_dungeons_type,
          minmay_fractal_squares_gapless_5
D:7:      layout_rooms, gammafunk_ghost_arena, uniq_crazy_yiuf_cottage,
          uniq_harold, uniq_maggie, uniq_pikel
D:8:      kennysheep_seaside_town, layout_loops_ring, serial_shops, shop_statue,
          minmay_misc_feat_secret_circle, chequers_serial_rivers_small_a
D:9:      layout_loops_ring, mainiacjoe_overflow_small_starburst,
          nicolae_straight_to_the_point
D:10:     layout_irregular_city, mainiacjoe_overflow_alcove_1, enter_trove_3
D:11:     layout_loops_ring, david_lair_generic, zombieorc1_lemuel,
          minmay_stone_trees_medium, chequers_mini_garden

Skill      XL: |  1  2  3  4  5  6  7  8  9 10 11 |
---------------+----------------------------------+-----
Invocations    | 1 3 4 5 6 8 10 | 10.4
Dodging        | 3 4 5 6 |  6.7
Armour         | 1 2 3 4 5 6 |  6.0
Fighting       | 4 5 6 7 8 |  8.1
Unarmed Combat | 4 5 7 8 |  8.1
Shields        | 1 3 |  3.3
Stealth        | |  2.1

Action                   |  1- 3 |  4- 6 |  7- 9 | 10-12 || total
-------------------------+-------+-------+-------+-------++-------
Melee: Unarmed           |   104 |   188 |   350 |   372 ||  1014
       Punch             |     3 |     6 |    18 |    22 ||    49
Invok: Elemental Force   |       |       |     2 |     2 ||     4
       Upheaval          |       |       |     3 |     2 ||     5
  Use: Scroll            |       |       |     3 |     7 ||    10
       Potion            |       |       |       |     2 ||     2
 Stab: Sleeping          |     2 |     1 |       |       ||     3
       Paralysed         |       |       |     2 |       ||     2
Armor: Robe              |    15 |       |       |       ||    15
       Leather armour    |     5 |     3 |       |       ||     8
       Chain mail        |       |    23 |       |       ||    23
       Ring mail         |       |    43 |   106 |       ||   149
       Scale mail        |       |       |    20 |   163 ||   183
Dodge: Dodged            |    83 |    68 |   167 |   197 ||   515
Block: Other             |       |    10 |    42 |    59 ||   111

Table legend: (Time is in decaauts)
 A = Elapsed time spent in this place.
 B = Non-inter-level travel time spent in this place.
 C = Inter-level travel time spent in this place.
 D = Time resting spent in this place.
 E = Time spent auto-exploring this place.
 F = Levels seen in this place.
 G = Mean time per level.
                   A        B        C        D        E       F      G
               +--------+--------+--------+--------+--------+-----+--------+
         Total |  11717 |  11332 |    385 |    713 |   8273 |  11 | 1065.2 |
       Dungeon |  11717 |  11332 |    385 |    713 |   8273 |  11 | 1065.2 |
               +--------+--------+--------+--------+--------+-----+--------+

Top non-repeatable levels by time:
     D:8: 1950 daAuts
     D:7: 1700 daAuts
     D:5: 1541 daAuts
     D:6: 1321 daAuts
     D:9: 1076 daAuts
     D:4: 886 daAuts
    D:10: 811 daAuts
     D:2: 787 daAuts
     D:3: 766 daAuts
     D:1: 703 daAuts
    D:11: 170 daAuts
